 Dungeon Crawl Stone Soup version 0.31-a0-7-g51783674b7 (webtiles) character file.

Game seed: 14686780103488488714

155 jasper the Ruffian (level 5, -4/42 HPs)
             Began as a Demonspawn Cinder Acolyte on May 5, 2023.
             Was a High Priest of Ignis.
             Slain by an iguana (7 damage)
             ... on level 4 of the Dungeon.
             The game lasted 00:03:47 (1796 turns).

jasper the Ruffian (Demonspawn Cinder Acolyte)      Turns: 1796, Time: 00:03:48

Health: -4/42      AC: 12    Str: 14    XL:     5   Next: 14%
Magic:  6/6        EV: 10    Int: 18    God:    Ignis [*****.]
Gold:   114        SH:  0    Dex:  8    Spells: 6/6 levels left

rFire   + .          .
                       - Unarmed
rCold   . . .        (no shield)
rNeg    . . .        g - +0 ring mail
rPois   .            (no helmet)
rElec   .            (no cloak)
rCorr   .            (no gloves)
SInv    .            (no boots)
Will    .....        (no amulet) Stlth
                     (no ring)
HPRegen 0.27/turn    (no ring)
MPRegen 0.10/turn

%: no passive effects
@: fiery-armoured
A: powered by death 1, weakness stinger 2
a: Renounce Religion, Fiery Armour, Foxfire Swarm, Rising Flame


You were on level 4 of the Dungeon.
You worshipped Ignis.
Ignis was extremely pleased with you.
You visited 1 branch of the dungeon, and saw 3 of its levels.

You collected 114 gold pieces.

Inventory:

Missiles
 i - 15 stones (quivered)
Armour
 a - a +0 robe
 g - a +0 ring mail (worn)
Jewellery
 c - a ring of magical power
Scrolls
 h - 4 scrolls of fog
 j - a scroll of enchant weapon {unknown}
 m - a scroll of enchant armour {unknown}
 n - a scroll of identify {unknown}
Potions
 b - a potion of degeneration {unknown}
 d - 3 potions of heal wounds {unknown}
 e - 3 potions of haste {unknown}
 f - a potion of flight {unknown}
 k - 3 potions of curing {unknown}
 l - a potion of attraction {unknown}


   Skills:
 + Level 3.9 Fighting
 + Level 1.7 Armour
 * Level 4.3 Unarmed Combat
 - Level 1.0 Spellcasting
 - Level 2.6 Fire Magic


You had 6 spell levels left.
You didn't know any spells.
Your spell library contained the following spells:

 Spells                   Type           Power      Damage    Failure   Level
 Scorch                   Fire           20%        2d5       21%         2


Dungeon Overview and Level Annotations

Branches:
Dungeon (2/15)             Temple (0/1) D:4

Altars:


Innate Abilities, Weirdness & Mutations

You regenerate a little health from kills.
You have a tail ending in a sharp stinger.


Message History

The iguana bites you but does no damage.
The iguana is burned by your cloak of flames.
The iguana is lightly wounded.
You hit the iguana.
You tail-slap the iguana, but do no damage.
The iguana is moderately wounded.
The iguana closely misses you.
You closely miss the iguana.
Your tail-slap misses the iguana.
The iguana is moderately wounded.
The iguana closely misses you.
You hit the iguana.
The iguana is moderately wounded.
The iguana bites you!
The iguana is burned by your cloak of flames.
The iguana is heavily wounded.
You take 8 damage, and have 19/42 hp.
You hit the iguana. Your punch misses the iguana.
The iguana is heavily wounded.
The iguana bites you!
* * * LOW HITPOINT WARNING * * *
The iguana is burned by your cloak of flames.
The iguana is severely wounded.
You take 10 damage, and have 9/42 hp.
MASSIVE DAMAGE!!
You barely miss the iguana. Your punch misses the iguana.
The iguana is severely wounded.
The iguana completely misses you.
You hit the iguana.
The iguana is severely wounded.
You barely miss the iguana.
The iguana is severely wounded.
The iguana bites you!
* * * LOW HITPOINT WARNING * * *
The iguana is burned by your cloak of flames.
The iguana is almost dead.
You take 6 damage, and have 3/42 hp.
You hit the iguana.
You tail-slap the iguana, but do no damage.
The iguana is almost dead.
The iguana bites you!
You die...

....# #.....# #
.#### ####### .#
.# .# ##########
.######........#
........######.#
#########
#)####.#
#.$@lg.#
########


You could see an iguana and a hobgoblin.

Vanquished Creatures
  A scorpion (D:4)
  A hound (D:4)
  An orc wizard (D:4)
  An adder (D:2)
  A worm (D:2)
  2 orcs (D:4)
  5 bats
  An endoplasm (D:4)
  A giant cockroach (D:1)
  5 goblins
  4 hobgoblins
  A quokka (D:4)
  2 ball pythons
  3 frilled lizards
  3 kobolds
  3 rats
35 creatures vanquished.

Notes
Turn   | Place    | Note
-------+----------+-------------------------------------------
     0 | D:1      | jasper the Demonspawn Cinder Acolyte began the quest for
                  | the Orb.
     0 | D:1      | Reached XP level 1. HP: 18/18 MP: 2/2
   115 | D:1      | Reached skill level 3 in Unarmed Combat
   236 | D:1      | Gained mutation: You regenerate a little health from kills.
                  | [demonic ancestry]
   236 | D:1      | Reached XP level 2. HP: 20/24 MP: 3/3
  1067 | D:2      | Gained mutation: You have a small tail. [demonic ancestry]
  1067 | D:2      | Reached XP level 3. HP: 29/29 MP: 4/4
  1232 | D:2      | You fall into a shaft and drop 2 floors!
  1260 | D:4      | Reached skill level 1 in Armour
  1260 | D:4      | Reached XP level 4. HP: 20/35 MP: 5/5
  1346 | D:4      | Found a staircase to the Ecumenical Temple.
  1431 | D:4      | Noticed a scorpion
  1441 | D:4      | Killed a scorpion
  1442 | D:4      | Reached skill level 4 in Unarmed Combat
  1660 | D:4      | Gained mutation: You have a tail ending in a sharp stinger.
                  | [demonic ancestry]
  1660 | D:4      | Reached XP level 5. HP: 27/42 MP: 6/6
  1796 | D:4      | Slain by an iguana

Illustrated notes

Levels and vault maps discovered:
D:1:      eino_arrival_druids_welcome, layout_loops_corners, serial_bayou_pond_c
D:2:      layout_loops_cross, hangedman_abyss_or_decor_stabs,
          minmay_misc_feat_enclosed
D:4:      layout_loops_cross, nicolae_tso_swordbearing_angel,
          minmay_temple_entry_nine_rooms

Skill      XL: |  1  2  3  4 |
---------------+-------------+-----
Unarmed Combat | 3 4 |  4.3
Armour         | 1 |  1.7
Fighting       | |  3.9
Spellcasting   | |  1.0
Fire Magic     | |  2.6

Action                     |  1- 3 |  4- 6 || total
---------------------------+-------+-------++-------
  Melee: Unarmed           |   106 |    59 ||   165
         Punch             |     2 |       ||     2
         Tailslap          |     3 |     7 ||    10
  Throw: Stone             |       |     5 ||     5
 Invoke: Fiery Armour      |     1 |     2 ||     3
    Use: Scroll            |     3 |       ||     3
 Armour: Robe              |     6 |       ||     6
         Ring mail         |    37 |    14 ||    51
  Dodge: Dodged            |    47 |    19 ||    66

Table legend: (Time is in decaauts)
 A = Elapsed time spent in this place.
 B = Non-inter-level travel time spent in this place.
 C = Inter-level travel time spent in this place.
 D = Time resting spent in this place.
 E = Time spent auto-exploring this place.
 F = Levels seen in this place.
 G = Mean time per level.
                   A        B        C        D        E       F      G
               +--------+--------+--------+--------+--------+-----+--------+
         Total |   1791 |   1779 |     12 |      0 |   1388 |   3 |  597.0 |
       Dungeon |   1791 |   1779 |     12 |      0 |   1388 |   3 |  597.0 |
               +--------+--------+--------+--------+--------+-----+--------+

Top non-repeatable levels by time:
     D:1: 980 daAuts
     D:4: 558 daAuts
     D:2: 252 daAuts
